 Dungeon Crawl Stone Soup version 0.31-a0-618-g7ca08c1ff9 (webtiles) character file.

Game seed: 13437465444115594689

138582 Newt the Marksgargoyle (level 17, -8/102 HPs)
             Began as a Gargoyle Fighter on Aug 22, 2023.
             Was the Champion of Okawaru.
             Mangled by a tarantella (22 damage)
             ... on level 4 of the Spider Nest.
             The game lasted 00:35:29 (28327 turns).

Newt the Marksgargoyle (Gargoyle Fighter)          Turns: 28327, Time: 00:35:30

Health: -8/102     AC: 24    Str: 27 (28) XL:     17   Next: 26%
Magic:  26/26      EV: 25    Int: 10      God:    Okawaru [******]
Gold:   461        SH: 20    Dex: 19      Spells: 16/16 levels left

rFire   + + .        a - +6 hand crossbow (drain)
rCold   + + +        N - +5 kite shield {AC+3}
rNeg    + . .        A - +0 toga "Victory" {*Victory Clar}
rPois   ∞            R - +1 helmet
rElec   +            S - scarf "Ryaleat" {repulsion, Slay+2}
rCorr   +            n - +0 pair of gloves "Segat" {Str+5}
SInv    .            U - +0 pair of boots
Will    +....        w - amulet "Fajur" {Faith rC+++ Str+6 Dex-2}
Stlth   ++++         j - ring of resist corrosion
HPRegen 0.37/turn    c - ring "Zihacuwo" {rPois rF++}
MPRegen 0.20/turn

%: repel missiles, clarity, faith
@: heroic, flying, slowed, studying 2 skills, very slow
A: sickness immunity, AC +12, big wings, negative energy resistance 1,
electricity resistance, torment resistance 1, petrification resistance, thin
skeletal structure 1, agile 1, weak 1
a: Renounce Religion, Heroism, Finesse, Duel


You were on level 4 of the Spider Nest.
You worshipped Okawaru.
Okawaru was exalted by your worship.
You visited 5 branches of the dungeon, and saw 22 of its levels.

You collected 2176 gold pieces.
You spent 1715 gold pieces at shops.

Inventory:

Hand Weapons
 a - a +6 hand crossbow of draining (weapon)
 b - the +9 demon whip "Baorezed" {drain, +Blink rC+ Int+3 Stlth+}
   (Okawaru gifted it to you on level 5 of the Lair of Beasts)

   Int+3:     It affects your intelligence (+3).
   rC+:       It protects you from cold.
   +Blink:    It lets you blink.
   Stlth+:    It makes you more stealthy.
 f - a +7 sling of draining
Missiles
 Z - 2 throwing nets
Armour
 n - the +0 pair of gloves "Segat" (worn) {Str+5}
   (Okawaru gifted it to you on level 3 of the Spider Nest)

   Str+5:     It affects your strength (+5).
 A - the +0 toga "Victory" (worn) {*Victory Clar}
   (You found it on level 5 of the Dungeon)

   *Victory:  When the wearer kills a threatening monster, it has a chance to
   gain +1 AC, +1 Slay, and +1 Int, capping at +7.
   When the wearer uses a scroll or a potion with a hostile monster in sight,
   its bonuses reset to +0.
   Unequipping it also resets its bonuses to +0.
   Clar:      It protects you from confusion, rage, mesmerisation and fear.
 M - the +15 Maxwell's patent armour {-Cast -Tele rElec Will+ rCorr}
   (Okawaru gifted it to you on level 10 of the Dungeon)

   rElec:     It insulates you from electricity.
   Will+:     It increases your willpower.
   -Cast:     It prevents spellcasting.
   -Tele:     It prevents most forms of teleportation.
   rCorr:     It protects you from acid and corrosion.
 N - a +5 kite shield of protection (worn)
 R - a +1 helmet (worn)
 S - the scarf "Ryaleat" (worn) {repulsion, Slay+2}
   (Okawaru gifted it to you on level 2 of the Lair of Beasts)

   Slay+2:    It affects your accuracy & damage with ranged weapons and melee
   (+2).
 U - a +0 pair of boots (worn)
Jewellery
 c - the ring "Zihacuwo" (right hand) {rPois rF++}
   (You found it on level 5 of the Lair of Beasts)

   [ring of poison resistance]

   rF++:      It greatly protects you from fire.
   rPois:     It protects you from poison
 e - an amulet of faith
 j - a ring of resist corrosion (left hand)
 q - a ring of positive energy
 w - the amulet "Fajur" (around neck) {Faith rC+++ Str+6 Dex-2}
   (You acquired it on level 5 of the Dungeon)

   [amulet of faith]

   Faith:     It allows you to gain divine favour quickly.
   Str+6:     It affects your strength (+6).
   Dex-2:     It affects your dexterity (-2).
   rC+++:     It renders you almost immune to cold.
 y - an amulet of guardian spirit
Wands
 k - a wand of polymorph (32)
 l - a wand of flame (28)
 I - a wand of digging (2)
 L - a wand of iceblast (7)
 V - a wand of light (14)
 X - a wand of mindburst (6)
Scrolls
 o - 3 scrolls of revelation
 t - 2 scrolls of fear
 u - 2 scrolls of poison
 v - 5 scrolls of fog
 x - a scroll of enchant armour
 z - a scroll of blinking
 E - 2 scrolls of amnesia
 G - a scroll of immolation
 H - 7 scrolls of teleportation
 P - a scroll of torment {unknown}
 W - a scroll of identify
Potions
 d - 3 potions of might
 g - 3 potions of lignification
 h - 4 potions of curing
 i - 2 potions of brilliance
 r - 2 potions of heal wounds
 s - 5 potions of haste
 B - 2 potions of enlightenment
 C - 3 potions of cancellation
 D - a potion of ambrosia {unknown}
 F - 2 potions of berserk rage
 K - 3 potions of magic
 Q - 2 potions of mutation
 T - 3 potions of invisibility
Miscellaneous
 m - a condenser vane (inert)
 O - a sack of spiders


   Skills:
 - Level 10.0(15.0) Fighting
 - Level 2.0(7.0) Maces & Flails
 - Level 19.1(24.1) Ranged Weapons
 - Level 6.0(11.0) Armour
 + Level 14.6(19.6) Dodging
 - Level 11.4(16.4) Shields
 - Level 12.0 Invocations
 - Level 10.0 Evocations


You had 16 spell levels left.
You didn't know any spells.
Your spell library contained the following spells:

 Spells                   Type           Power      Damage    Failure   Level
 Apportation              Tloc           0%         N/A       45%         1
 Freeze                   Ice            0%         1d3       45%         1
 Magic Dart               Conj           0%         1d3       45%         1
 Slow                     Hex            0%         N/A       45%         1
 Searing Ray              Conj           0%         2d4       61%         2
 Confusing Touch          Hex            0%         N/A       83%         3
 Dazzling Flash           Conj/Hex       0%         N/A       83%         3
 Frozen Ramparts          Ice            0%         1d1       83%         3
 Hailstorm                Conj/Ice       0%         3d3       83%         3
 Vampiric Draining        Necr           0%         2d6       83%         3
 Volatile Blastmotes      Fire/Tloc      0%         2d10      83%         3
 Anguish                  Hex/Necr       0%         N/A       99%         4
 Cause Fear               Hex            0%         N/A       99%         4
 Fulminant Prism          Conj/Hex       0%         3d5       99%         4
 Alistair's Intoxication  Tmut/Pois      0%         N/A       100%        5
 Borgnjor's Vile Clutch   Necr/Erth      0%         N/A       100%        5
 Starburst                Conj/Fire      0%         6d3       100%        6
 Enfeeble                 Hex            0%         N/A       100%        7
 Maxwell's Capacitive Co  Air            0%         ∞         100%        8
 Animate Dead             Necr           Unusable   N/A       N/A         4
 Death Channel            Necr           Unusable   N/A       N/A         6

Dungeon Overview and Level Annotations

Branches:
Dungeon (10/15)            Temple (1/1) D:5            Lair (5/5) D:9
  Swamp (0/4) Lair:3       Spider (4/4) Lair:2        Slime (0/5) Lair:4
    Orc (2/2) D:10            Elf (0/3) Orc:2

Altars:
Ashenzari
Cheibriados
Dithmenos
Elyvilon
Fedhas
Gozag
Hepliaklqana
Kikubaaqudgha
Makhleb
Nemelex Xobeh
Okawaru
Qazlal
Ru
Sif Muna
Trog
Uskayaw
Vehumet
Wu Jian
Xom
Yredelemnul
Zin
The Shining One
Jiyva

Shops:
D:4 *   D:10 *   Orc:2 :[!(

Portals:
Hell: Lair:5

Annotations:
Spider:1 Azrael
Orc:1 6 transporters


Innate Abilities, Weirdness & Mutations

You are immune to sickness and miasma.
Your stone body is resilient. (AC +12)
You are immune to poison.
Your large and strong wings let you fly.
You resist negative energy. (rN+)
You are resistant to electric shocks. (rElec)
You are resistant to unholy torment.
You are immune to petrification.
You have a somewhat thin skeletal structure. (Dex +2, Stealth+)
You are agile. (Dex +4, Str/Int -1)
You are weak. (Str -2)


Message History

The moth of wrath completely misses you.
The spark wasp stings you but does no damage.
You block the moth of wrath's attack. You block the spark wasp's attack.
The jumping spider leaps!
You shoot a bolt. The bolt closely misses the spark wasp.
A sun moth comes into view.
You block the moth of wrath's attack. The spark wasp stings you.
The spark wasp shocks you. You resist.
The tarantella rages.
The spark wasp stings you!
* * * LOW HITPOINT WARNING * * *
The spark wasp shocks you. You resist.
* * * LOW HITPOINT WARNING * * *
The moth of wrath completely misses you.
The sun moth moves out of view.
Unknown command.
Okay, then.
You feel yourself speed up.
The jumping spider leaps!
The moth of wrath goads the jumping spider on!
The jumping spider goes berserk!
You block the spark wasp's attack.
Being near the torpor snail leaves you feeling lethargic.
A sun moth comes into view.
Unknown command.
As you read the scroll of fear, it crumbles to dust.
You assume a fearsome visage.
The sun moth looks frightened!
The jumping spider looks frightened!
The jumping spider is unaffected.
The tarantella is unaffected.
The spark wasp looks frightened!
The torpor snail resists with almost no effort.
The moth of wrath looks frightened!
The +0 toga "Victory" stops glowing.
You block the tarantella's attack.
The jumping spider leaps!
A wolf spider comes into view.
You block the tarantella's attack. x2; The wolf spider moves out of view.
Unknown command.
Unknown command.
Unknown command.
The tarantella splashes around in the water.
The tarantella touches you!!
You die...

~^....†~~~~~#^~~ ... ^#
..#.....~≈≈~~.~. ...
.^..^..^.~~~≈≈≈~~ †^..
.#....^#.~≈y≈≈#
.#.^#.....#.^y~≈≈≈#
....^.#..~..^.~≈w##
...#^....#....~≈≈#
..#.†..#.^°...~≈≈#
..............ss@#
..#......~^...~≈~#
#........#...#~≈~###
##^..#...#....~≈≈≈≈##
##...#..^^.~#~~≈≈≈≈##
#...<###~##~..~~~≈≈≈≈#
##....###.......~~≈≈≈≈≈
..^....#.#.......~~~≈≈≈
..........^.......^~~~~~~


You could see a spark wasp (fleeing, drained), a torpor snail, a moth of wrath
(fleeing), a jumping spider (berserk) and a tarantella (berserk).

Vanquished Creatures
  Jorgrun (Spider:3)
  Aizul (Spider:2)
  An emperor scorpion (Spider:3)
  The ghost of Bihodil the Severer, a journeyman DgDe (Spider:3)
  4 ghost moths
  An orc warlord (D:10)
  3 spark wasps
  2 dire elephants (Lair:5)
  An ettin (Orc:2)
  2 entropy weavers
  5 hydras
  2 ogre magi
  A centaur warrior (D:8)
  A tengu warrior (D:10)
  7 boulder beetles
  4 radroaches
  9 two-headed ogres
  2 jorogumos
  15 death yaks
  4 demonic crawlers
  A sun demon (Lair:5)
  A skeletal warrior (D:10)
  A skyshark (Lair:5)
  7 pharaoh ants
  A sun moth (Spider:4)
  2 deep trolls (Orc:2)
  9 orb spiders
  A wizard (Lair:5)
  8 steelbarb worms
  2 spectral broodmothers (Spider:3)
  An orc knight (Orc:1)
  An ugly thing (D:10)
  15 wolf spiders
  A spectral jorogumo (Spider:3)
  3 orc sorcerers (Orc:1)
  A manticore (D:8)
  23 elephants
  3 cyclopes
  3 moths of wrath
  6 torpor snails
  5 black mambas
  4 orange demons (Lair:5)
  16 cane toads
  7 rime drakes
  2 emperor scorpion simulacra (Spider:3)
  Psyche (D:8)
  A spark wasp simulacrum (Spider:3)
  10 komodo dragons
  2 ice devils (Lair:5)
  2 ghost moth simulacra (Spider:3)
  11 trolls
  6 meliai
  25 tarantellas
  3 polar bears
  2 broodmother simulacra (Spider:3)
  A hellwing (Lair:5)
  12 blink frogs
  Sigmund (D:2)
  17 jumping spiders
  16 culicivoras
  4 wyverns
  A shadow (D:9)
  A vampire (D:10)
  2 fire elementals
  8 basilisks
  41 redbacks
  50 yaks
  3 steam dragons
  3 swamp worms (Lair:3)
  3 wargs (Orc:1)
  12 water moccasins
  6 hell hounds
  Duvessa (D:7)
  20 orc warriors
  3 ice beasts (D:8)
  4 black bears
  2 sky beasts
  28 wolves
  20 ogres
  4 centaurs
  2 phantoms
  4 kobold brigands
  Blork the orc (D:5)
  7 bullfrogs
  A scorpion (D:6)
  Dowan (D:7)
  22 killer bees
  3 howler monkeys
  An electric eel (Spider:3)
  Crazy Yiuf (D:4)
  8 jellies
  15 orc priests
  4 hounds
  2 sleepcaps
  2 iguanas
  Jessica (D:3)
  Natasha (thrice) (D:4)
  21 orc wizards
  7 hell rats (Lair:3)
  Robin (D:3)
  11 gnolls
  5 adders
  3 white imps
  5 worms
  4 dart slugs
  83 orcs
  6 endoplasms
  3 giant cockroaches
  11 goblins
  11 hobgoblins
  8 quokkas
  5 ball pythons
  4 bats
  4 frilled lizards
  24 kobolds
  2 rats
813 creatures vanquished.

Vanquished Creatures (others)
  A jumping spider (Spider:3)
  A redback (Spider:2)
  An ogre (Orc:2)
3 creatures vanquished.

Grand Total: 816 creatures vanquished

Notes
Turn   | Place    | Note
-------+----------+-------------------------------------------
     0 | D:1      | Newt the Gargoyle Fighter began the quest for the Orb.
     0 | D:1      | Reached XP level 1. HP: 14/14 MP: 1/1
   106 | D:1      | Reached XP level 2. HP: 20/20 MP: 2/2
   450 | D:1      | Reached skill level 1 in Ranged Weapons
   571 | D:1      | Found a faded altar of an unknown god.
   730 | D:1      | Reached XP level 3. HP: 24/24 MP: 3/3
  1009 | D:2      | Noticed Sigmund
  1027 | D:2      | Killed Sigmund
  1028 | D:2      | Reached skill level 4 in Ranged Weapons
  1028 | D:2      | Reached XP level 4. HP: 24/29 MP: 0/4
  1028 | D:2      | Reached XP level 5. HP: 27/33 MP: 0/5
  1150 | D:2      | Reached skill level 5 in Ranged Weapons
  1154 | D:2      | Reached XP level 6. HP: 38/38 MP: 6/6
  1522 | D:2      | Found a glowing silver altar of Zin.
  2360 | D:3      | Found a broken altar of Ashenzari.
  2467 | D:3      | Noticed Jessica
  2467 | D:3      | Noticed Robin
  2469 | D:3      | Reached skill level 6 in Ranged Weapons
  2489 | D:3      | Killed Robin
  2490 | D:3      | Killed Jessica
  2780 | D:4      | Found a runed translucent door.
  2781 | D:4      | Noticed Crazy Yiuf
  2787 | D:4      | Killed Crazy Yiuf
  2846 | D:4      | Reached XP level 7. HP: 39/43 MP: 7/7
  2878 | D:4      | Reached skill level 5 in Armour
  3145 | D:3      | Found a shimmering altar of Xom.
  3512 | D:4      | Found Tifrufil's General Store.
  3517 | D:4      | Bought a scroll of revelation for 90 gold pieces
  3517 | D:4      | Bought a scroll of fear for 48 gold pieces
  3534 | D:4      | Noticed Natasha
  3544 | D:4      | Killed Natasha
  3734 | D:4      | Reached skill level 5 in Fighting
  3740 | D:4      | Reached XP level 8. HP: 41/51 MP: 8/8
  3870 | D:4      | Noticed Natasha
  3882 | D:4      | Killed Natasha
  3915 | D:4      | Noticed Natasha
  3919 | D:4      | Killed Natasha
  3980 | D:5      | Entered Level 5 of the Dungeon
  4155 | D:5      | Identified a scroll of acquirement
  4155 | D:5      | Acquired the amulet "Fajur" {Faith rC+++ Str+6 Dex-2}
  4342 | D:5      | Noticed Blork the orc
  4352 | D:5      | Killed Blork the orc
  4357 | D:5      | Found a staircase to the Ecumenical Temple.
  4500 | Temple   | Entered the Ecumenical Temple
  4621 | D:5      | Found an iron altar of Okawaru.
  4623 | D:5      | Found a runed translucent door.
  4631 | D:5      | Found the +0 toga "Victory" {*Victory Clar}
  4633 | D:5      | Became a worshipper of Warmaster Okawaru
  5347 | D:6      | Reached skill level 7 in Ranged Weapons
  6446 | D:7      | Noticed Dowan
  6449 | D:7      | Noticed Duvessa
  6450 | D:7      | Reached skill level 8 in Ranged Weapons
  6461 | D:7      | Killed Duvessa
  6461 | D:7      | Reached * piety under Okawaru
  6465 | D:7      | Killed Dowan
  6520 | D:7      | Reached skill level 9 in Ranged Weapons
  6520 | D:7      | Reached XP level 9. HP: 53/55 MP: 9/9
  6606 | D:7      | Reached skill level 10 in Ranged Weapons
  6609 | D:7      | Reached skill level 1 in Dodging
  6612 | D:7      | Reached ** piety under Okawaru
  7267 | D:8      | Noticed Psyche
  7281 | D:8      | Killed Psyche
  7281 | D:8      | Reached *** piety under Okawaru
  7287 | D:8      | Reached skill level 5 in Shields
  7578 | D:8      | Reached XP level 10. HP: 60/60 MP: 10/10
  7599 | D:8      | Acquired a manual of Evocations
  7692 | D:8      | Noticed a manticore
  7697 | D:8      | Killed a manticore
  7697 | D:8      | Reached **** piety under Okawaru
  7697 | D:8      | Noticed a two-headed ogre
  7708 | D:8      | Killed a two-headed ogre
  7722 | D:8      | Reached ***** piety under Okawaru
  7736 | D:8      | Noticed a centaur warrior
  7755 | D:8      | Killed a centaur warrior
  7759 | D:8      | Identified the +1 plate armour "Zirump" {Str+2 Int+6}
                  | (Okawaru gifted it to you on level 8 of the Dungeon)
  7759 | D:8      | Received a gift from Okawaru
  8445 | D:9      | Reached skill level 10 in Evocations
  8505 | D:9      | Reached XP level 11. HP: 67/67 MP: 11/11
  8727 | D:9      | Found a staircase to the Lair.
  9044 | D:9      | Found a basalt altar of Yredelemnul.
  9220 | D:10     | Entered Level 10 of the Dungeon
  9300 | D:10     | Noticed a two-headed ogre
  9306 | D:10     | Killed a two-headed ogre
  9410 | D:10     | Reached skill level 10 in Fighting
  9464 | D:10     | Reached skill level 1 in Invocations
  9744 | D:10     | Found a staircase to the Orcish Mines.
  9757 | D:10     | Found Mopoz's General Store.
  9760 | D:10     | Bought a scroll of teleportation for 39 gold pieces
  9760 | D:10     | Bought a potion of heal wounds for 65 gold pieces
 10165 | D:10     | Received a gift from Okawaru
 10165 | D:10     | Found the +15 Maxwell's patent armour {-Cast -Tele rElec
                  | Will+ rCorr}
 10170 | D:10     | Noticed a cyan ugly thing
 10173 | D:10     | Noticed a tengu warrior
 10197 | D:10     | Killed a tengu warrior
 10205 | D:10     | Killed a cyan ugly thing
 10206 | D:10     | Reached skill level 5 in Invocations
 10449 | D:10     | Noticed a cyclops
 10450 | D:10     | Noticed a skeletal warrior
 10455 | D:10     | Killed a cyclops
 10472 | D:10     | HP: 3/72 [skeletal warrior/+2 halberd of flaming (3)]
 10474 | D:10     | Killed a skeletal warrior
 10474 | D:10     | Reached ****** piety under Okawaru
 11039 | Lair:1   | Entered Level 1 of the Lair of Beasts
 11201 | D:9      | Reached XP level 12. HP: 43/77 MP: 16/18
 11962 | Lair:1   | Reached skill level 10 in Invocations
 11966 | Lair:1   | Identified the +0 buckler of the Lair of Beasts {Harm rN+
                  | Str+2} (Okawaru gifted it to you on level 1 of the Lair of
                  | Beasts)
 11966 | Lair:1   | Received a gift from Okawaru
 12863 | Lair:2   | Found a hole to the Spider Nest.
 13283 | Lair:2   | Noticed a death yak
 13284 | Lair:2   | Noticed a death yak
 13287 | Lair:2   | Noticed a death yak
 13298 | Lair:2   | Killed a death yak
 13299 | Lair:2   | Reached skill level 11 in Ranged Weapons
 13307 | Lair:2   | Killed a death yak
 13315 | Lair:2   | Killed a death yak
 13391 | Lair:2   | Noticed a six-headed hydra
 13397 | Lair:2   | Killed a six-headed hydra
 13398 | Lair:2   | Reached XP level 13. HP: 66/82 MP: 22/22
 13427 | Lair:2   | Reached skill level 12 in Ranged Weapons
 13429 | Lair:2   | Identified the scarf "Ryaleat" {repulsion, Slay+2} (Okawaru
                  | gifted it to you on level 2 of the Lair of Beasts)
 13429 | Lair:2   | Received a gift from Okawaru
 14053 | Lair:2   | Reached skill level 13 in Ranged Weapons
 14742 | Lair:3   | Found a staircase to the Swamp.
 14807 | Lair:3   | Reached skill level 14 in Ranged Weapons
 14903 | Lair:3   | Identified the +3 scale mail of the Evening Star {Contam
                  | Rampage MP+9} (Okawaru gifted it to you on level 3 of the
                  | Lair of Beasts)
 14903 | Lair:3   | Received a gift from Okawaru
 15230 | Lair:3   | Reached skill level 15 in Ranged Weapons
 15706 | Lair:4   | Gained mutation: Your large and strong wings let you fly.
                  | [Gargoyle growth]
 15706 | Lair:4   | Reached XP level 14. HP: 57/88 MP: 21/23
 15735 | Lair:4   | Reached skill level 16 in Ranged Weapons
 16148 | Lair:4   | Found a staircase to the Slime Pits.
 16149 | Lair:4   | Found a viscous altar of Jiyva.
 16179 | Lair:4   | Identified the +0 robe of Boredom {rF+ Will+ Str+4}
                  | (Okawaru gifted it to you on level 4 of the Lair of Beasts)
 16179 | Lair:4   | Received a gift from Okawaru
 16612 | Lair:5   | Entered Level 5 of the Lair of Beasts
 16814 | Arena    | Entered the Arena
 16858 | Lair:5   | HP: 3/88 [elephant (11)]
 16859 | Arena    | Entered the Arena
 16901 | Lair:4   | Reached skill level 17 in Ranged Weapons
 17513 | Lair:5   | Received a gift from Okawaru
 17592 | Lair:5   | Identified the +9 trident of Ifess {drain, rElec rPois
                  | Int+2}
 17612 | Lair:5   | Reached skill level 18 in Ranged Weapons
 17647 | Lair:5   | Noticed a dire elephant
 17656 | Lair:5   | Killed a dire elephant
 17662 | Lair:5   | Noticed a dire elephant
 17673 | Lair:5   | Killed a dire elephant
 17824 | Lair:5   | Found a burning altar of Makhleb.
 17829 | Lair:5   | Identified the +9 demon whip "Baorezed" {drain, +Blink rC+
                  | Int+3 Stlth+} (Okawaru gifted it to you on level 5 of the
                  | Lair of Beasts)
 17829 | Lair:5   | Received a gift from Okawaru
 17830 | Lair:5   | Reached XP level 15. HP: 83/92 MP: 24/24
 18106 | Lair:5   | Found a gateway to Hell.
 18113 | Lair:5   | Identified the ring "Zihacuwo" {rPois rF++}
 18277 | Lair:5   | Reached skill level 19 in Ranged Weapons
 18867 | Orc:1    | Entered Level 1 of the Orcish Mines
 18881 | Orc:1    | Noticed an orc warlord
 18903 | D:10     | Killed an orc warlord
 19241 | Orc:1    | Found a transporter.
 19246 | Orc:1    | Found a transporter.
 19246 | Orc:1    | Found a transporter.
 19247 | Orc:1    | Found a sparkling altar of Nemelex Xobeh.
 19247 | Orc:1    | Noticed a juggernaut
 19253 | Orc:1    | Found a transporter.
 19254 | Orc:1    | Found a transporter.
 19257 | Orc:1    | Found a transporter.
 19314 | Orc:1    | Paralysed by an orc sorcerer for 2 turns
 19641 | Orc:2    | Entered Level 2 of the Orcish Mines
 19716 | Orc:2    | Found a burning altar of Makhleb.
 19779 | Orc:2    | Found a staircase to the Elven Halls.
 19878 | Orc:1    | Paralysed by something for 4 turns
 20334 | Orc:2    | Identified the +5 ring mail of Leapfrog {+Blink SInv}
                  | (Okawaru gifted it to you on level 2 of the Orcish Mines)
 20334 | Orc:2    | Received a gift from Okawaru
 20337 | Orc:2    | Reached skill level 10 in Shields
 20490 | Orc:2    | Found Zeng's Weapon Shop.
 20495 | Orc:2    | Found Doxzo's Armour Shop.
 20498 | Orc:2    | Found Bisaqye's Book Shoppe.
 20509 | Orc:2    | Found Tiyrr's Distillery.
 20517 | Orc:2    | Bought a potion of mutation for 104 gold pieces
 20517 | Orc:2    | Bought a potion of mutation for 104 gold pieces
 20517 | Orc:2    | Bought a potion of heal wounds for 65 gold pieces
 20828 | Orc:2    | Bought a manual of Dodging for 1200 gold pieces
 21028 | Spider:1 | Entered Level 1 of the Spider Nest
 21067 | Spider:1 | Reached skill level 5 in Dodging
 21325 | Spider:1 | Received a gift from Okawaru
 21325 | Spider:1 | Found the +5 demon whip "Spellbinder" {antimagic, disrupt,
                  | Will+}
 21347 | Spider:1 | Noticed Azrael
 21613 | Spider:2 | Reached XP level 16. HP: 97/97 MP: 6/25
 21948 | Spider:2 | Noticed Aizul
 21961 | Spider:2 | Killed Aizul
 22063 | Spider:2 | Identified the +4 ring mail "Vahu" {Rampage} (Okawaru
                  | gifted it to you on level 2 of the Spider Nest)
 22063 | Spider:2 | Received a gift from Okawaru
 22087 | Spider:2 | Reached skill level 10 in Dodging
 23416 | Spider:3 | Gained mutation: You are weak. (Str -2) [potion of
                  | mutation]
 23416 | Spider:3 | Gained mutation: You have a somewhat thin skeletal
                  | structure. (Dex +2, Stealth+) [potion of mutation]
 23416 | Spider:3 | Gained mutation: You are agile. (Dex +4, Str/Int -1)
                  | [potion of mutation]
 23744 | Spider:3 | Noticed Jorgrun
 23751 | Spider:3 | Killed Jorgrun
 23801 | Spider:3 | Received a gift from Okawaru
 23808 | Spider:4 | Entered Level 4 of the Spider Nest
 24686 | Spider:3 | Found a runed translucent gate.
 24687 | Spider:3 | Found a runed translucent gate.
 24688 | Spider:3 | Found a runed translucent gate.
 24689 | Spider:3 | Noticed Bihodil's ghost (journeyman DgDe)
 24889 | Spider:3 | Killed Bihodil's ghost
 24935 | Spider:3 | Identified the ring of Leuv {Fire Str-4 Int+6}
 25021 | Spider:3 | Identified the +0 pair of gloves "Segat" {Str+5} (Okawaru
                  | gifted it to you on level 3 of the Spider Nest)
 25021 | Spider:3 | Received a gift from Okawaru
 26342 | Spider:4 | HP: 3/97 [meliai/+0 war axe (6)]
 26789 | Spider:4 | Reached XP level 17. HP: 102/102 MP: 26/26
 28327 | Spider:4 | Mangled by a tarantella

Illustrated notes

Levels and vault maps discovered:
D:1:      lemuel_arrival_cross, layout_basic, nicolae_ecumenical_lake_church,
          minmay_curled_crystal, st_stairs_3, kennysheep_minor_cross,
          roderic_cross_of_infinity
D:2:      layout_loops_corners, basic_altar, solitary_fountain, uniq_sigmund
D:3:      layout_loops_cross, nicolae_overflow_hidden_temple, nicolae_titane,
          uniq_jessica, uniq_robin
D:4:      layout_cave_pools, serial_shops, nicolae_shop_rolling_square,
          uniq_natasha, uniq_crazy_yiuf_cottage
D:5:      layout_loops_ring, nicolae_overflow_guarded_unrand_okawaru_victory,
          minmay_temple_entry_junction, nicolae_kite_square_tiling_tiny,
          uniq_blork_the_orc
D:6:      layout_layer_cave, wad_floor_pattern_untrapped
D:7:      layout_loops_ring, corexii_leaking_fountain,
          nicolae_figureground_pulse, uniq_duvessa
D:8:      minmay_bloctagon, layout_loops_ring, uniq_psyche
D:9:      layout_loops_corners, lemuel_crystal_altar, david_lair_generic,
          solitary_fountain, nrook_mini_backslash
D:10:     layout_roguey, david_orc_2, serial_co_window_serial,
          co_window_corner_a, co_window_paths_b, co_window_corner_a,
          co_window_paths_a, co_window_paths_b, co_window_corner_b,
          co_window_unsneaky_path_e, co_window_broadway_c, co_window_sun,
          serial_shops, shop, minmay_radiant
Temple:   mainiacjoe_temple_bowtie_tessellation
Lair:1:   statuecave_lemuel, layout_cave_pods, serial_rivers,
          chequers_serial_rivers_large_a, chequers_serial_rivers_small_3,
          chequers_serial_rivers_small_3, chequers_serial_rivers_large_b,
          chequers_serial_rivers_micro_c, chequers_serial_rivers_marsh,
          nicolae_lair_grove_arrangements
Lair:2:   layout_regular_city, spider_nest_entry_funnel_web,
          grunt_forest_stairs_basic, grunt_megastairs_3
Lair:3:   layout_big_grid, palyth_hydra_swamp_entry, minivault_25, st_stairs_3
Lair:4:   layout_hall_layers, nicolae_slime_entry_slimehenge,
          minmay_lair_drake_nest, infiniplex_staircase_pool_2,
          lemuel_fruit_fields
Lair:5:   evil_forest, layout_cave_shapes, serial_bayou_shore_a,
          grunt_megastairs_2, lemuel_fruit_tree, lemuel_fruit_fields
Spider:1: layout_spider_delve, uniq_azrael
Spider:2: layout_chambers, uniq_aizul
Spider:3: layout_spider_delve, gammafunk_ghost_necromancy,
          nicolae_spider_cling_halls, uniq_jorgrun
Spider:4: grunt_spider_rune_island, nicolae_spider_bzzzt
Orc:1:    layout_diamond_mine, hellmonk_jugg_or_not
Orc:2:    st_orc_open, layout_diamond_mine, basic_altar, mines2_david

Skill      XL: |  1  2  3  4  5  6  7  8  9 10 11 12 13 14 15 16 17 |
---------------+----------------------------------------------------+-----
Fighting       | 4 5 6 7 10 | 10.0
Ranged Weapons | 1 4 5 6 9 10 11 15 18 19 | 19.1
Armour         | 4 6 |  6.0
Dodging        | 4 8 13 14 | 14.6
Shields        | 6 7 11 | 11.4
Evocations     | 10 | 10.0
Invocations    | 8 12 | 12.0
Maces & Flails | |  2.0

Action                     |  1- 3 |  4- 6 |  7- 9 | 10-12 | 13-15 | 16-18 || total
---------------------------+-------+-------+-------+-------+-------+-------++-------
  Melee: Flail             |     7 |       |       |       |       |       ||     7
         Sling             |       |     3 |       |       |       |       ||     3
   Fire: Sling             |    60 |   119 |   390 |   599 |   741 |       ||  1909
         Hand crossbow     |       |       |       |       |   536 |   583 ||  1119
 Invoke: Heroism           |       |       |       |     6 |    10 |     6 ||    22
         Duel              |       |       |       |       |     2 |       ||     2
         Finesse           |       |       |       |       |     2 |       ||     2
  Evoke: Wand              |       |       |       |     2 |       |     1 ||     3
         Condenser vane    |       |       |       |       |       |     1 ||     1
    Use: Scroll            |       |     5 |    11 |    11 |     3 |     3 ||    33
         Potion            |       |       |       |       |     3 |     4 ||     7
 Armour: Scale mail        |    28 |    26 |    91 |       |       |       ||   145
         Skin              |     2 |       |       |       |       |       ||     2
         Robe              |       |       |    52 |   169 |   308 |   230 ||   759
  Dodge: Dodged            |    19 |    26 |   115 |   194 |   314 |   354 ||  1022
         Repelled          |       |       |       |       |     3 |     1 ||     4
  Block: Buckler           |    10 |     8 |    58 |    47 |       |       ||   123
         Kite shield       |       |       |       |   248 |   598 |   497 ||  1343

Table legend: (Time is in decaauts)
 A = Elapsed time spent in this place.
 B = Non-inter-level travel time spent in this place.
 C = Inter-level travel time spent in this place.
 D = Time resting spent in this place.
 E = Time spent auto-exploring this place.
 F = Levels seen in this place.
 G = Mean time per level.
                   A        B        C        D        E       F      G
               +--------+--------+--------+--------+--------+-----+--------+
         Total |  28437 |  26337 |   2100 |   7613 |  14404 |  24 | 1184.9 |
       Dungeon |  11938 |  11408 |    530 |   2779 |   7075 |  10 | 1193.8 |
        Temple |      1 |      0 |      1 |      0 |      0 |   1 |    1.0 |
          Lair |   7157 |   6730 |    427 |   1210 |   4248 |   5 | 1431.4 |
   Spider Nest |   7331 |   6312 |   1019 |   3183 |   2086 |   4 | 1832.8 |
  Orcish Mines |   1962 |   1841 |    121 |    408 |    995 |   2 |  981.0 |
         Arena |     45 |     45 |      0 |     32 |      0 |   2 |   22.5 |
               +--------+--------+--------+--------+--------+-----+--------+

Top non-repeatable levels by time:
Spider:3: 4379 daAuts
    D:10: 1929 daAuts
Spider:2: 1917 daAuts
  Lair:5: 1727 daAuts
     D:9: 1589 daAuts
  Lair:2: 1562 daAuts
  Lair:1: 1353 daAuts
     D:4: 1304 daAuts
  Lair:4: 1263 daAuts
  Lair:3: 1251 daAuts
   Orc:1: 1140 daAuts
     D:5: 1132 daAuts
     D:6: 1106 daAuts
     D:3: 1097 daAuts
     D:8: 1012 daAuts
